Map: Rhoskallian LE

Players

qqq

  • Race: Protoss Protoss
  • League: Platinum
  • Spawn Location: 12:00

Massa

  • Race: Terran Terran
  • League: Platinum
  • Spawn Location: 11:00

seb - Winner!

  • Race: Terran Terran
  • Spawn Location: 5:00

TITOF - Winner!

  • Race: Protoss Protoss
  • Spawn Location: 6:00

VOD

Have the link to the VOD?

Description

Time

  • Played on: Dec. 11, 2020, 4:30 p.m.
  • Length: 11:31
Show
View Real Time Build Order
Export as new Build Order

qqq Protoss 

Build Orders: Double Forge 

Get SALT Encoding   

  12  0:01  Probe  
  13  0:13  Probe  
  14  0:25  Probe  
  15  0:31  Pylon  
  16  0:50  Probe  
  16  1:00  Forge  
  16  1:34  Photon Cannon  
  15  1:45  Probe  
  16  1:55  Photon Cannon  
  16  1:58  Probe  
  16  2:01  Photon Cannon  
  17  2:04  Photon Cannon  
  17  2:09  Pylon  
  17  2:10  Probe  
  17  2:30  Probe  
  17  2:42  Probe  
  17  2:47  Pylon  
  15  2:54  Probe  
  16  3:06  Probe  
  17  3:15  Gateway  
  17  3:19  Probe  
  18  3:20  Assimilator  
  18  3:34  Forge  
  17  4:07  Zealot  
  18  4:19  Probe  
  19  4:24  Cybernetics Core  
  19  4:27  Pylon  
  19  4:31  Probe (Chrono Boost), Assimilator  
  20  4:43  Probe (Chrono Boost)  
  21  4:50  Probe (Chrono Boost)  
  22  4:55  Probe (Chrono Boost)  
  23  5:00  Stalker (Chrono Boost)  
  26  5:07  Probe  
  26  5:20  Nexus  
  26  5:23  Probe  
  27  5:39  Pylon  
  27  5:54  Stargate  
  27  5:55  Stargate  
  27  6:01  Probe  
  28  6:13  Probe  
  29  6:25  Probe  
  30  6:31  Pylon  
  29  6:39  Probe  
  26  6:51  Probe  
  29  7:07  Phoenix (Chrono Boost)  
  29  7:12  Assimilator  
  29  7:14  Probe  
  30  7:16  Assimilator  
  30  7:17  Probe  
  31  7:26  Probe  
  32  7:41  Phoenix (Chrono Boost)  
  32  7:43  Protoss Air Weapons Level 1  
  34  7:54  Photon Cannon  
  34  7:55  Probe  
  34  7:58  Pylon  
  35  8:03  Pylon  
  35  8:07  Probe, Pylon  
  36  8:19  Probe  
  31  8:22  Assimilator  
  31  8:31  Probe  
  31  8:32  Phoenix (Chrono Boost)  
  31  8:41  Probe  
  31  8:43  Probe  
  32  8:48  Phoenix (Chrono Boost)  
  32  8:53  Probe  
  35  9:04  Photon Cannon  
  35  9:18  Probe  
  36  9:30  Probe  
  37  9:44  Nexus  
  37  9:50  Pylon  
  37  9:59  Probe  
  37  10:11  Probe, Phoenix (Chrono Boost)  
  40  10:23  Probe  
  41  10:32  Phoenix (Chrono Boost)  
  41  10:34  Phoenix (Chrono Boost)  
  41  10:35  Probe  
  46  10:47  Probe  
  46  10:48  Phoenix (Chrono Boost)  
  49  10:50  Phoenix  
  47  10:59  Probe  
Show
View Real Time Build Order
Export as new Build Order

Massa Terran 

Build Orders:  

Get SALT Encoding   

  12  0:00  SCV  
  13  0:12  SCV  
  14  0:22  Supply Depot  
  14  0:24  SCV  
  15  0:44  SCV  
  15  0:45  Barracks  
  16  0:50  Refinery  
  16  0:56  SCV  
  17  1:08  SCV  
  18  1:22  SCV  
  19  1:33  Reaper  
  20  1:42  Orbital Command  
  20  1:46  Supply Depot  
  20  2:01  Refinery  
  20  2:03  Barracks  
  20  2:05  Marine  
  20  2:18  SCV  
  21  2:23  Marine  
  22  2:40  Marine  
  22  2:56  SCV  
  23  3:02  Factory, Marine x2  
  25  3:19  Barracks  
  25  3:23  Barracks  
  25  3:33  Marine x2  
  26  3:49  Factory Tech Lab  
  26  3:51  Marine  
  26  3:52  Marine  
  28  4:08  Marine  
  29  4:14  Marine x2  
  31  4:20  Supply Depot  
  31  4:22  Supply Depot  
  31  4:26  Command Center  
  31  4:29  Marine  
  31  4:37  Barracks Reactor, Barracks Tech Lab  
  31  4:42  Siege Tank  
  34  4:59  Marauder, Marine  
  37  5:25  Siege Tank  
  39  5:50  Barracks Tech Lab  
  39  6:05  SCV  
  39  6:07  Marine  
  39  6:08  Marauder, Marine x3  
  46  6:17  SCV, Stimpack  
  47  6:24  Combat Shield  
  47  6:25  Marine  
  47  6:27  Barracks Tech Lab  
  47  6:29  SCV, Marauder  
  50  6:50  Marauder  
  50  6:53  Siege Tank  
  53  6:54  Marauder, Marine  
  53  6:55  Marauder, Marine  
  53  7:00  Orbital Command, Engineering Bay  
  53  7:01  SCV  
  60  7:13  SCV  
  61  7:15  Concussive Shells  
  61  7:25  SCV  
  62  7:48  Supply Depot x2  
  62  7:52  Missile Turret  
  62  7:53  Missile Turret  
  62  8:09  SCV x2, Marauder x2, Marine x2  
  62  8:10  Marauder, Siege Tank  
  62  8:11  Supply Depot  
  62  8:12  Supply Depot  
  75  8:21  SCV x2  
  69  8:27  Marine x2  
  69  8:31  Marauder x3  
  69  8:33  SCV x2  
  70  8:35  Supply Depot  
  70  8:44  Marine  
  70  8:45  SCV x2  
  67  8:49  Marine  
  67  8:52  Marauder x2  
  67  8:53  Marauder  
  74  8:58  SCV x2, Missile Turret  
  74  9:02  Marine  
  76  9:06  Marine  
  78  9:10  SCV x2  
  78  9:14  Marauder x2, Marine  
  85  9:20  Marine  
  85  9:22  SCV  
  87  9:24  Marine  
  84  9:31  Marine  
  84  9:35  Marauder x2  
  84  9:38  Marine  
  89  9:42  Marine  
  89  10:05  Marine x5  
  73  10:22  Marine  
  73  10:23  Marine x4  
  57  10:35  Cyclone  
  52  10:40  Marine  
  52  10:41  Marine x4  
  51  10:48  SCV  
  46  10:58  Marine  
  46  10:59  Marine x4  
  46  11:00  SCV  
  54  11:12  SCV  
Show
View Real Time Build Order
Export as new Build Order

seb Terran - Winner!

Build Orders: Gas First Reaper Expand 

Get SALT Encoding   

  12  0:00  SCV  
  13  0:12  SCV  
  14  0:18  Supply Depot  
  14  0:25  SCV  
  15  0:31  Refinery  
  15  0:42  Barracks  
  15  0:46  SCV  
  16  0:58  SCV  
  17  1:10  SCV  
  18  1:22  SCV  
  19  1:30  Reaper  
  20  1:34  Orbital Command  
  20  1:50  Command Center  
  20  2:02  Factory  
  20  2:06  SCV  
  21  2:11  Refinery  
  21  2:15  Reaper  
  22  2:18  SCV  
  23  2:30  Barracks  
  23  2:58  Marine  
  23  3:02  SCV, Factory Tech Lab  
  24  3:07  Starport  
  24  3:12  Orbital Command  
  24  3:14  SCV  
  24  3:16  Marine  
  26  3:21  Barracks Reactor  
  26  3:26  SCV  
  27  3:31  Supply Depot  
  27  3:38  SCV  
  27  3:39  Barracks Tech Lab  
  28  3:42  Siege Tank  
  28  3:43  SCV  
  32  3:50  SCV  
  33  3:59  Marine x3  
  36  4:03  SCV  
  37  4:16  Marine  
  37  4:17  Marine  
  38  4:23  SCV x2  
  41  4:25  Refinery, Marine  
  41  4:28  Refinery  
  41  4:30  Medivac  
  44  4:33  Supply Depot  
  44  4:34  Marine  
  44  4:37  Stimpack  
  45  4:39  SCV x2  
  47  4:46  Bunker  
  47  4:49  Marine  
  47  4:51  SCV  
  49  4:53  Supply Depot  
  49  4:54  Marine  
  49  4:57  Marine  
  51  5:00  SCV, Medivac  
  51  5:02  Siege Tank  
  57  5:07  Marine  
  58  5:14  Marine  
  59  5:34  Marine x2  
  61  5:43  Marine  
  61  5:46  SCV  
  61  5:47  SCV  
  64  5:52  Marine, Engineering Bay  
  64  5:56  Engineering Bay  
  65  5:57  Marine  
  65  6:01  Marine  
  65  6:04  Medivac  
  69  6:10  Supply Depot, Marine, Siege Tank  
  73  6:15  Marine  
  73  6:17  Combat Shield  
  74  6:19  Marine  
  75  6:27  Marine  
  76  6:33  Marine, Medivac  
  76  6:37  Marine  
  78  6:42  Siege Tank  
  78  6:45  Marine  
  82  6:50  Marine  
  80  6:55  Marine  
  80  6:59  SCV x2  
  83  7:03  Marine, Medivac  
  86  7:10  Terran Infantry Weapons Level 1, Command Center  
  86  7:11  Terran Infantry Armor Level 1  
  86  7:26  Marine  
  86  7:47  SCV  
  86  7:49  Factory  
  86  7:52  Supply Depot  
  86  7:54  Missile Turret  
  86  8:04  Armory  
  86  8:05  Armory  
  86  8:07  Supply Depot  
  86  8:14  SCV, Marine x3  
  86  8:15  Missile Turret, Supply Depot  
  88  8:31  Marine  
  88  8:32  Marine x2  
  83  8:49  Marine x3  
  83  8:50  Planetary Fortress  
  83  8:53  Missile Turret  
  83  8:55  SCV x2  
  88  9:07  SCV, Marine x3  
  90  9:14  Missile Turret  
  82  9:23  Factory Tech Lab  
  82  9:25  Marine x3  
  82  9:29  Thor  
  91  9:43  Marine x3  
  94  9:55  SCV x3  
  95  10:01  Marine x3  
  92  10:07  SCV x3  
  92  10:12  Thor  
  101  10:18  Marine x3  
  101  10:19  SCV x3  
  107  10:30  Siege Tank  
  107  10:31  SCV x2  
  107  10:32  SCV  
  113  10:36  Marine x3  
  113  10:38  Missile Turret, Supply Depot  
  113  10:39  Supply Depot  
  116  10:43  SCV x2  
  116  10:44  SCV  
  119  10:54  Marine x3  
  119  10:55  SCV x2  
  119  10:56  SCV  
  126  11:07  SCV  
  126  11:08  SCV x2  
  129  11:12  Marine x3  
Show
View Real Time Build Order
Export as new Build Order

TITOF Protoss - Winner!

Build Orders: Cannon Rush 

Get SALT Encoding   

  12  0:00  Probe  
  13  0:15  Pylon  
  13  0:18  Probe (Chrono Boost)  
  14  0:30  Probe (Chrono Boost)  
  15  0:37  Forge  
  15  0:39  Probe  
  16  0:59  Pylon  
  16  1:05  Pylon  
  16  1:11  Pylon  
  16  1:20  Photon Cannon  
  16  1:21  Pylon  
  16  1:30  Photon Cannon  
  15  1:43  Photon Cannon  
  15  1:59  Photon Cannon, Pylon  
  15  2:19  Photon Cannon  
  15  2:22  Pylon  
  15  2:29  Pylon  
  15  2:42  Photon Cannon  
  15  3:00  Gateway  
  15  3:04  Photon Cannon  
  15  3:16  Photon Cannon  
  15  3:19  Probe  
  16  3:29  Assimilator  
  16  3:31  Probe  
  17  3:42  Photon Cannon  
  17  3:43  Probe (Chrono Boost)  
  17  3:44  Assimilator  
  18  3:52  Cybernetics Core  
  18  3:55  Probe (Chrono Boost)  
  19  4:03  Probe (Chrono Boost)  
  19  4:05  Pylon  
  19  4:09  Probe (Chrono Boost)  
  21  4:21  Probe (Chrono Boost)  
  22  4:28  Probe (Chrono Boost)  
  23  4:36  Probe (Chrono Boost)  
  24  4:40  Stargate  
  24  4:48  Probe (Chrono Boost)  
  25  4:53  Probe (Chrono Boost)  
  26  5:04  Nexus, Pylon  
  26  5:21  Oracle (Chrono Boost)  
  26  5:23  Photon Cannon  
  29  5:36  Probe (Chrono Boost)  
  30  5:45  Pylon  
  30  5:46  Probe (Chrono Boost)  
  31  5:51  Probe (Chrono Boost)  
  31  6:00  Assimilator  
  31  6:02  Void Ray  
  31  6:03  Probe  
  32  6:04  Assimilator  
  32  6:07  Pylon  
  36  6:39  Void Ray  
  37  6:55  Probe (Chrono Boost)  
  37  6:56  Probe (Chrono Boost)  
  39  7:06  Probe x2 (Chrono Boost)  
  41  7:09  Fleet Beacon  
  41  7:10  Probe x2 (Chrono Boost)  
  43  7:17  Stargate  
  43  7:21  Probe  
  43  7:22  Probe  
  45  7:33  Probe  
  45  7:34  Probe  
  47  7:43  Photon Cannon  
  47  7:45  Shield Battery  
  47  7:46  Probe x2  
  49  7:54  Void Ray x2  
  49  7:57  Pylon  
  49  7:58  Probe x2  
  59  8:10  Probe x2  
  61  8:19  Shield Battery  
  61  8:22  Shield Battery  
  61  8:23  Protoss Air Weapons Level 1  
  61  8:47  Void Ray x2  
  69  9:05  Pylon  
  69  9:07  Pylon  
  69  9:14  Flux Vanes  
  69  9:24  Void Ray  
  69  9:28  Pylon  
  69  9:29  Void Ray  
  77  9:48  Shield Battery  
  77  9:49  Shield Battery  
  77  9:51  Shield Battery  
  77  9:53  Pylon  
  77  10:01  Void Ray  
  77  10:06  Void Ray  
  80  10:45  Void Ray  
  80  10:46  Void Ray  
Tags
 
Add a new tag
Caveats
  • Supply blocks, unpowered buildings, or Contaminate may cause inaccurate times.
  • Supply counts are checked every 10 seconds.